General information
- name: BNet
- type: Ladder team game (AT/RT)
- host: Battle.net
- saver: whattowdo
map: Battleground
- players: 8
- length: 25:25
- speed: Fast
- version: 1.28 W3XP
- replay type: Public
» download(270 KB)
Players
team 1 (winner)

»
A_shade (
red | 95 APM | 2404 actions | 25:25)
5 Warden
3 Shadow Strike
2 Blink
2 Keeper of the Grove
2 Entangling Roots
» actions
| Assign group hotkey | 10 | |
| Basic commands | 314 | |
| Build / train | 87 | |
| Enter build submenu | 22 | |
| Enter hero's abilities submenu | 8 | |
| Remove unit from queue | 1 | |
| Right click | 1147 | |
| Select / deselect | 704 | |
| Select group hotkey | 16 | |
| Use ability | 95 | |
2404 total
» units
| Wisp | 25 | |
| Archer | 8 | |
| Huntress | 7 | |
| Glaive Thrower | 1 | |
| Dryad | 8 | |
49 total
» upgrades
| Strength of the Moon | 3 | |
| Ultravision | 1 | |
| Moon Armor | 4 | |
| Druid of the Claw Training | 1 | |
| Abolish Magic | 1 | |
| Improved Bows | 1 | |
| Sentinel | 1 | |
| Well Spring | 1 | |
13 total
» buildings
| Moon Well | 7 | |
| Ancient of War | 3 | |
| Altar of Elders | 1 | |
| Hunter's Hall | 1 | |
| Tree of Ages | 2 | |
| Ancient of Lore | 2 | |
| Tree of Life | 5 | |
| Tree of Eternity | 3 | |
| Ancient of Wonders | 1 | |
25 total
» build order
00:21 Moon Well
00:26 Ancient of War
00:37 Altar of Elders
01:33 Ancient of War
01:38 Ancient of War
01:48 Moon Well
02:29 Moon Well
03:58 Hunter's Hall
04:39 Moon Well
05:00 Moon Well
08:35 Moon Well
08:36 Moon Well
08:40 Tree of Ages
08:40 Tree of Ages
11:42 Ancient of Lore
13:06 Ancient of Lore
13:19 Tree of Life
14:00 Tree of Eternity
14:01 Tree of Eternity
15:02 Ancient of Wonders
17:41 Tree of Life
20:50 Tree of Life
21:50 Tree of Life
25:18 Tree of Life
» items

»
GameOn (
teal | 111 APM | 2821 actions | 25:25)
4 Death Knight
2 Death Coil
2 Unholy Aura
3 Lich
2 Frost Nova
1 Frost Armor
2 Mountain King
1 Storm Bolt
1 Bash
» actions
| Assign group hotkey | 31 | |
| Build / train | 97 | |
| Enter build submenu | 27 | |
| Enter hero's abilities submenu | 10 | |
| Remove unit from queue | 3 | |
| Right click | 980 | |
| Select / deselect | 478 | |
| Select group hotkey | 1116 | |
| Use ability | 79 | |
2821 total
» units
| Acolyte | 9 | |
| Ghoul | 9 | |
| Crypt Fiend | 9 | |
| Gargoyle | 12 | |
| Necromancer | 3 | |
| Obsidian Statue | 3 | |
| Peasant | 10 | |
| Rifleman | 7 | |
62 total
» upgrades
| Creature Attack | 2 | |
| Creature Carapace | 2 | |
| Skeletal Longevity | 1 | |
| Necromancer Training | 2 | |
| Gunpowder | 1 | |
| Skeletal Mastery | 1 | |
| Unholy Strength | 1 | |
| Unholy Armor | 1 | |
11 total
» buildings
| Crypt | 2 | |
| Graveyard | 1 | |
| Ziggurat | 5 | |
| Altar of Darkness | 1 | |
| Tomb of Relics | 1 | |
| Halls of the Dead | 1 | |
| Temple of the Damned | 2 | |
| Slaughterhouse | 1 | |
| Altar of Kings | 1 | |
| Farm | 6 | |
| Barracks | 2 | |
| Blacksmith | 1 | |
| Black Citadel | 1 | |
25 total
» build order
00:12 Crypt
00:26 Graveyard
00:52 Ziggurat
01:02 Altar of Darkness
01:39 Ziggurat
01:57 Tomb of Relics
03:44 Ziggurat
07:41 Halls of the Dead
10:43 Crypt
11:01 Temple of the Damned
11:03 Temple of the Damned
11:32 Slaughterhouse
11:54 Ziggurat
11:56 Ziggurat
15:15 Altar of Kings
15:17 Farm
15:21 Barracks
16:37 Farm
18:55 Blacksmith
19:18 Black Citadel
20:05 Farm
20:11 Barracks
21:52 Farm
21:55 Farm
22:38 Farm
» items
| Rod of Necromancy | 1 | |
| Sacrificial Skull | 1 | |
| Dust of Appearance | 1 | |
| Potion of Healing | 1 | |
| Potion of Mana | 1 | |
| Scroll of Town Portal | 1 | |
6 total
Gregimba (
yellow | 67 APM | 1702 actions | 25:25)
5 Death Knight
3 Death Coil
1 Unholy Aura
1 Death Pact
4 Lich
2 Frost Nova
2 Frost Armor
2 Dreadlord
1 Sleep
1 Carrion Swarm
» actions
| Assign group hotkey | 126 | |
| Basic commands | 8 | |
| Build / train | 62 | |
| Enter build submenu | 14 | |
| Enter hero's abilities submenu | 11 | |
| Give item / drop item | 7 | |
| Right click | 1153 | |
| Select / deselect | 206 | |
| Select group hotkey | 34 | |
| Use ability | 81 | |
1702 total
» units
| Acolyte | 2 | |
| Ghoul | 9 | |
| Crypt Fiend | 11 | |
| Frost Wyrm | 3 | |
25 total
» upgrades
| Creature Attack | 2 | |
| Creature Carapace | 3 | |
| Burrow | 1 | |
| Web | 1 | |
7 total
» buildings
| Graveyard | 1 | |
| Crypt | 1 | |
| Ziggurat | 7 | |
| Altar of Darkness | 1 | |
| Tomb of Relics | 1 | |
| Halls of the Dead | 1 | |
| Black Citadel | 2 | |
| Sacrificial Pit | 1 | |
| Boneyard | 2 | |
17 total
» build order
00:11 Graveyard
00:18 Crypt
00:42 Ziggurat
00:57 Altar of Darkness
01:13 Ziggurat
01:55 Tomb of Relics
03:52 Ziggurat
06:11 Ziggurat
07:24 Halls of the Dead
13:02 Black Citadel
13:02 Black Citadel
14:10 Ziggurat
14:11 Ziggurat
14:51 Sacrificial Pit
16:04 Boneyard
16:04 Boneyard
18:48 Ziggurat
» items
| Rod of Necromancy | 2 | |
| Dust of Appearance | 1 | |
| Potion of Healing | 1 | |
| Potion of Mana | 1 | |
| Scroll of Town Portal | 4 | |
| Orb of Corruption | 1 | |
10 total
Barlahan (
pink | 0 APM | 0 actions | 15:03)
team 2 (loser)
Splash (
purple | 105 APM | 2586 actions | 24:32)
5 Death Knight
3 Death Coil
1 Unholy Aura
1 Death Pact
5 Lich
2 Frost Nova
3 Frost Armor
» actions
| Assign group hotkey | 38 | |
| Basic commands | 219 | |
| Build / train | 68 | |
| ESC pressed | 7 | |
| Enter build submenu | 23 | |
| Enter hero's abilities submenu | 10 | |
| Give item / drop item | 4 | |
| Right click | 1187 | |
| Select / deselect | 524 | |
| Select group hotkey | 392 | |
| Use ability | 114 | |
2586 total
» units
| Acolyte | 2 | |
| Ghoul | 5 | |
| Crypt Fiend | 13 | |
| Obsidian Statue | 2 | |
| Rifleman | 2 | |
| Frost Wyrm | 6 | |
30 total
» upgrades
| Web | 1 | |
| Creature Attack | 2 | |
| Creature Carapace | 1 | |
4 total
» buildings
| Crypt | 1 | |
| Graveyard | 1 | |
| Altar of Darkness | 1 | |
| Ziggurat | 7 | |
| Tomb of Relics | 1 | |
| Halls of the Dead | 2 | |
| Spirit Tower | 5 | |
| Slaughterhouse | 1 | |
| Black Citadel | 3 | |
| Sacrificial Pit | 1 | |
| Farm | 2 | |
| Boneyard | 4 | |
29 total
» build order
00:09 Crypt
00:19 Graveyard
00:41 Altar of Darkness
00:55 Ziggurat
01:26 Tomb of Relics
02:00 Ziggurat
03:33 Ziggurat
03:58 Halls of the Dead
03:59 Halls of the Dead
04:18 Ziggurat
05:51 Spirit Tower
05:51 Spirit Tower
06:23 Slaughterhouse
09:18 Black Citadel
09:18 Black Citadel
09:19 Black Citadel
09:21 Sacrificial Pit
10:30 Ziggurat
10:31 Ziggurat
11:29 Farm
11:30 Farm
11:45 Boneyard
11:50 Boneyard
15:09 Spirit Tower
15:37 Ziggurat
15:41 Spirit Tower
15:55 Spirit Tower
18:31 Boneyard
18:33 Boneyard
» items
| Rod of Necromancy | 2 | |
| Scroll of Town Portal | 4 | |
| Potion of Lesser Invulnerability | 1 | |
| Scroll of Healing | 1 | |
8 total
yOuaReKiLLeD (
green | 109 APM | 2680 actions | 24:37)
4 Death Knight
2 Death Coil
2 Unholy Aura
3 Lich
1 Frost Nova
2 Frost Armor
1 Mountain King
1 Storm Bolt
1 Beastmaster
1 Summon Hawk
» actions
| Assign group hotkey | 39 | |
| Basic commands | 166 | |
| Build / train | 106 | |
| ESC pressed | 9 | |
| Enter build submenu | 43 | |
| Enter hero's abilities submenu | 9 | |
| Right click | 996 | |
| Select / deselect | 579 | |
| Select group hotkey | 582 | |
| Use ability | 151 | |
2680 total
» units
| Acolyte | 10 | |
| Ghoul | 6 | |
| Crypt Fiend | 20 | |
| Rifleman | 10 | |
| Peasant | 7 | |
| Priest | 1 | |
| Sorceress | 4 | |
| Frost Wyrm | 6 | |
| Knight | 1 | |
65 total
» upgrades
| Creature Attack | 1 | |
| Burrow | 1 | |
| Web | 1 | |
| Lumber Harvesting | 2 | |
| Masonry | 1 | |
| Gunpowder | 1 | |
| Ghoul Frenzy | 1 | |
| Priest Training | 1 | |
| Barrage | 1 | |
10 total
» buildings
| Crypt | 1 | |
| Graveyard | 1 | |
| Altar of Darkness | 2 | |
| Ziggurat | 6 | |
| Tomb of Relics | 1 | |
| Halls of the Dead | 2 | |
| Nerubian Tower | 1 | |
| Spirit Tower | 4 | |
| Castle | 1 | |
| Black Citadel | 1 | |
| Arcane Sanctum | 2 | |
| Sacrificial Pit | 1 | |
| Scout Tower | 11 | |
| Farm | 6 | |
| Lumber Mill | 1 | |
| Boneyard | 1 | |
| Guard Tower | 4 | |
| Necropolis | 1 | |
| Workshop | 2 | |
49 total
» build order
00:06 Crypt
00:12 Graveyard
00:41 Altar of Darkness
00:56 Ziggurat
01:22 Tomb of Relics
01:58 Ziggurat
03:50 Halls of the Dead
03:50 Halls of the Dead
04:10 Ziggurat
06:06 Nerubian Tower
06:59 Spirit Tower
08:19 Castle
08:41 Spirit Tower
09:06 Altar of Darkness
10:31 Black Citadel
11:35 Arcane Sanctum
11:38 Arcane Sanctum
12:04 Ziggurat
12:18 Sacrificial Pit
13:38 Scout Tower
13:39 Scout Tower
13:40 Scout Tower
13:41 Scout Tower
13:45 Farm
13:49 Lumber Mill
13:52 Scout Tower
13:55 Scout Tower
14:06 Scout Tower
14:07 Scout Tower
14:19 Boneyard
14:22 Ziggurat
14:23 Ziggurat
14:41 Guard Tower
14:42 Guard Tower
14:43 Guard Tower
14:48 Scout Tower
14:51 Scout Tower
14:53 Scout Tower
15:03 Spirit Tower
15:20 Spirit Tower
15:23 Guard Tower
16:30 Necropolis
20:33 Farm
20:34 Farm
20:53 Farm
20:54 Farm
20:56 Farm
21:16 Workshop
21:52 Workshop
» items
| Rod of Necromancy | 1 | |
| Dust of Appearance | 1 | |
| Potion of Mana | 1 | |
| Orb of Corruption | 1 | |
| Scroll of Town Portal | 1 | |
5 total
KIZBO (
orange | 51 APM | 353 actions | 06:56)
2 Beastmaster
1 Summon Bear
1 Summon Hawk
» actions
| Build / train | 22 | |
| Enter build submenu | 10 | |
| Enter hero's abilities submenu | 2 | |
| Right click | 178 | |
| Select / deselect | 125 | |
| Use ability | 16 | |
353 total
» units
» buildings
| Farm | 5 | |
| Blacksmith | 1 | |
| Barracks | 1 | |
| Altar of Kings | 1 | |
| Arcane Vault | 1 | |
| Keep | 1 | |
| Town Hall | 1 | |
11 total
» build order
00:37 Farm
00:53 Blacksmith
01:01 Barracks
01:20 Altar of Kings
01:36 Farm
02:00 Farm
02:37 Farm
03:25 Farm
04:39 Arcane Vault
04:52 Keep
06:03 Town Hall
» items
whattowdo (
blue | 8 APM | 211 actions | 25:25)
» actions
| Basic commands | 4 | |
| Build / train | 12 | |
| Enter build submenu | 14 | |
| Remove unit from queue | 2 | |
| Right click | 69 | |
| Select / deselect | 90 | |
| Use ability | 20 | |
211 total
» units
» buildings
| Keep | 0 | |
| Lumber Mill | 1 | |
| Scout Tower | 16 | |
| Arcane Tower | 0 | |
17 total
» build order
12:11 Keep
12:43 Lumber Mill
12:45 Scout Tower
12:50 Scout Tower
12:52 Scout Tower
12:52 Scout Tower
12:53 Scout Tower
12:58 Scout Tower
12:59 Scout Tower
13:00 Scout Tower
13:01 Scout Tower
13:03 Scout Tower
13:04 Scout Tower
13:04 Scout Tower
13:05 Scout Tower
13:06 Scout Tower
13:06 Scout Tower
13:15 Scout Tower
13:18 Arcane Tower
» items
Chat log
(00:07 / Allies) yOuaReKiLLeD: hi
(00:08 / Allies) yOuaReKiLLeD: feed me blue ?
(00:11 / Allies) Splash: hey
(00:13 / Allies) Splash: dont
(00:17 / Allies) yOuaReKiLLeD: nice map for feed
(00:18 / Allies) yOuaReKiLLeD: trust me
(00:19 / Allies) yOuaReKiLLeD: =)
(00:28 / Allies) yOuaReKiLLeD: 2 human
(00:29 / Allies) yOuaReKiLLeD: units so ?
(00:32 / Allies) yOuaReKiLLeD: i'll fe
(00:34 / Allies) yOuaReKiLLeD: am milice
(00:35 / Allies) yOuaReKiLLeD: work
(00:44 / Allies) yOuaReKiLLeD: lal
(00:51 / Allies) yOuaReKiLLeD: 4-12 rt
(00:51 / Allies) yOuaReKiLLeD: feed
(01:10 / Allies) Splash: lets just own this together green
(01:12 / Allies) yOuaReKiLLeD: nice team play <3
(01:27 / Allies) yOuaReKiLLeD: we'll
(01:29 / Allies) yOuaReKiLLeD: >.<
(01:32 / Allies) yOuaReKiLLeD: real acc yu ?
(01:44 / Allies) Splash: Trolololol
(01:49 / Allies) yOuaReKiLLeD: idk
(01:52 / Allies) yOuaReKiLLeD: < esu
(02:06 / Allies) Splash: :D
(02:08 / Allies) yOuaReKiLLeD: wtf you do
(02:10 / Allies) yOuaReKiLLeD: 1k gold
(02:11 / Allies) yOuaReKiLLeD: blue ??
(02:18 / Allies) yOuaReKiLLeD: ???
(02:25 / Allies) Splash: blue
(02:26 / Allies) Splash: do something
(02:35 / Allies) yOuaReKiLLeD: damn
(02:38 / Allies) Splash: oucgh
(02:58 / Allies) yOuaReKiLLeD: need push
(03:01 / Allies) yOuaReKiLLeD: dk 3
(03:08 / Allies) yOuaReKiLLeD: BLUE ?
(03:11 / Allies) yOuaReKiLLeD: afk mb
(03:27 / Allies) yOuaReKiLLeD: boring noob
(04:06 / Allies) yOuaReKiLLeD: ud
(05:04 / Allies) yOuaReKiLLeD: g
(05:10 / Allies) yOuaReKiLLeD: you had
(05:11 / Allies) yOuaReKiLLeD: tome exp
(05:11 / Allies) yOuaReKiLLeD: ?
(05:12 / Allies) yOuaReKiLLeD: ^^
(05:15 / Allies) Splash: no
(05:25 / Allies) yOuaReKiLLeD: B
(05:27 / Allies) yOuaReKiLLeD: orange
(05:31 / Allies) yOuaReKiLLeD: TP
(05:32 / Allies) yOuaReKiLLeD: PLZ
(05:49 / Allies) yOuaReKiLLeD: damn
(05:50 / Allies) yOuaReKiLLeD: they mh
(05:51 / Allies) yOuaReKiLLeD: imo
(05:55 / Allies) yOuaReKiLLeD: to know 2v3
(05:57 / Allies) yOuaReKiLLeD: 4v3
(06:28 / Allies) yOuaReKiLLeD: B LITTLE
(06:29 / Allies) yOuaReKiLLeD: ORANGE
(06:57 / Allies) yOuaReKiLLeD: coil
(08:07 / Allies) yOuaReKiLLeD: ffs
(08:53 / Allies) yOuaReKiLLeD: need
(08:54 / Allies) yOuaReKiLLeD: focus hero
(10:13 / Allies) yOuaReKiLLeD: dk
(10:14 / Allies) yOuaReKiLLeD: yello
(10:38 / Allies) yOuaReKiLLeD: you web ?
(10:44 / Allies) Splash: any sec
(10:56 / Allies) yOuaReKiLLeD: dk
(11:14 / Allies) yOuaReKiLLeD: b
(12:28 / Allies) yOuaReKiLLeD: ffs
(12:35 / Allies) yOuaReKiLLeD: wood plz
(12:53 / Allies) Splash: jeez
(13:02 / Allies) yOuaReKiLLeD: wood ?
(13:10 / Allies) yOuaReKiLLeD: WTF
(13:11 / Allies) yOuaReKiLLeD: BLUE
(13:12 / Allies) yOuaReKiLLeD: GIVE GOLD
(13:13 / Allies) yOuaReKiLLeD: WOOD
(13:59 / Allies) yOuaReKiLLeD: amek towers
(14:11 / Allies) yOuaReKiLLeD: blue
(14:13 / Allies) yOuaReKiLLeD: give gold
(14:14 / Allies) yOuaReKiLLeD: and wood
(14:15 / Allies) yOuaReKiLLeD: naap
(14:59 / Allies) yOuaReKiLLeD: more towers bro
(15:26 / Allies) Splash: soon lvl 5
(15:28 / Allies) yOuaReKiLLeD: they can go in
(15:32 / Allies) yOuaReKiLLeD: and mb we can win
(15:33 / Allies) yOuaReKiLLeD: i exe
(15:35 / Allies) yOuaReKiLLeD: on blue mine
(16:00 / Allies) yOuaReKiLLeD: hit and run
(16:01 / Allies) yOuaReKiLLeD: mb
(16:31 / Allies) Splash: wait
(17:39 / Allies) yOuaReKiLLeD: disspel bro
(17:50 / Allies) yOuaReKiLLeD: why tp out ?
(19:35 / Allies) Splash: need lumber
(19:40 / Allies) yOuaReKiLLeD: fuck
(19:45 / Allies) Splash: ty
(20:12 / Allies) Splash: back
(20:12 / Allies) Splash: man
(20:56 / Allies) Splash: no1 dead
(21:17 / Allies) Splash: use
(21:18 / Allies) Splash: units
(21:26 / Allies) yOuaReKiLLeD: i used
(21:27 / Allies) yOuaReKiLLeD: you tp out
(21:29 / Allies) yOuaReKiLLeD: ^^^
(21:33 / Allies) Splash: no
(21:36 / Allies) yOuaReKiLLeD: this blue
(21:37 / Allies) yOuaReKiLLeD: imo
(21:40 / Allies) yOuaReKiLLeD: wtf
(21:58 / Allies) yOuaReKiLLeD: i make tank
(21:59 / Allies) Splash: use
(21:59 / Allies) yOuaReKiLLeD: with him
(22:00 / Allies) Splash: ....
(22:11 / Allies) yOuaReKiLLeD: n
(22:14 / Allies) yOuaReKiLLeD: ofc
(22:14 / Allies) yOuaReKiLLeD: lame
(22:29 / Allies) Splash: fast
(22:30 / Allies) Splash: kill
(22:32 / Allies) Splash: hitnrun
(22:48 / Allies) yOuaReKiLLeD: tp ?
(22:51 / Allies) yOuaReKiLLeD: g tp
(22:57 / Allies) yOuaReKiLLeD: NOW
(22:59 / Allies) Splash: ye
(23:26 / Allies) yOuaReKiLLeD: WTF
(23:27 / Allies) yOuaReKiLLeD: WHO USE MK
(23:29 / Allies) yOuaReKiLLeD: FOR TP OUT
(23:36 / Allies) Splash: blue
(23:36 / Allies) yOuaReKiLLeD: blue
(23:37 / Allies) Splash: ofc
(23:37 / Allies) yOuaReKiLLeD: ffs
(23:57 / Allies) yOuaReKiLLeD: pf
(24:15 / Allies) yOuaReKiLLeD: fuck him
(24:40 / All) whattowdo: lol
(24:42 / All) whattowdo: stats them both
(24:56 / All) whattowdo: purp was 8-0
(24:59 / All) whattowdo: and orange 6-0
(25:07 / All) whattowdo: I bet they are fumin'